 Dungeon Crawl Stone Soup version 0.30-a0-953-g5f1da4a474 (webtiles) character file.

Game seed: 4475379775504738102

401 Darkkill the Shooter (level 6, -4/53 HPs)
             Began as a Minotaur Hunter on Mar 28, 2023.
             Was an Initiate of Gozag.
             Slain by a gnoll
             ... wielding a +0 spear
              (8 damage)
             ... on level 4 of the Dungeon.
             The game lasted 00:04:22 (3993 turns).

Darkkill the Shooter (Minotaur Hunter)              Turns: 3993, Time: 00:04:23

Health: -4/53      AC:  4    Str: 16    XL:     6   Next: 54%
Magic:  5/5        EV: 13    Int:  6    God:    Gozag
Gold:   135        SH:  0    Dex: 15    Spells: 5/5 levels left

rFire   . . .      SeeInvis .    a - +0 shortbow
rCold   . . .      Faith    .    (shield currently unavailable)
rNeg    . . .      Spirit   .    c - +0 leather armour
rPois   +          Reflect  .    (helmet restricted)
rElec   .          Rampage  .    (no cloak)
rCorr   .                        e - +0 pair of gloves
Will    .....                    (no boots)
Stlth   ++                       (no amulet)
HPRegen 0.28/turn                m - ring of poison resistance
MPRegen 0.09/turn                (no ring)

@: no status effects
A: horns 2, retaliatory headbutt
a: Renounce Religion, Potion Petition, Call Merchant, Bribe Branch


You were on level 4 of the Dungeon.
You worshipped Gozag.
Gozag was aware of your devotion.
You visited 2 branches of the dungeon, and saw 5 of its levels.

You collected 163 gold pieces.
You paid 28 gold pieces to Gozag.

Inventory:

Hand Weapons
 a - a +0 shortbow (weapon)
Missiles
 d - 36 stones
 i - a throwing net {=f !f}
Armour
 c - a +0 leather armour (worn)
 e - a +0 pair of gloves (worn)
Jewellery
 m - a ring of poison resistance (left hand)
Scrolls
 b - 2 scrolls of immolation
 l - 6 scrolls of identify {@r1}
Potions
 j - a potion of ambrosia
 k - a potion of brilliance


   Skills:
 + Level 4.7 Fighting
 + Level 5.7 Ranged Weapons
 + Level 4.2 Dodging
 + Level 3.0 Stealth


You had 5 spell levels left.
You didn't know any spells.
Your spell library contained the following spells:

 Spells                   Type           Power      Damage    Failure   Level
 Cigotuvi's Dreadful Rot  Necr/Pois/Air  0%         N/A       67%         2
 Poisonous Vapours        Pois/Air       0%         N/A       67%         2
 Mephitic Cloud           Conj/Pois/Air  0%         N/A       88%         3
 Airstrike                Air            0%         2d(0-16)  99%         4
 Summon Lightning Spire   Summ/Air       0%         N/A       99%         4
 Plasma Beam              Fire/Air       0%         2x1d7     100%        5


Dungeon Overview and Level Annotations

Branches:
Dungeon (4/15)             Temple (1/1) D:4

Altars:
Elyvilon
Fedhas
Gozag
Makhleb
Okawaru
Sif Muna
Trog
Uskayaw
Vehumet
Wu Jian
Xom
The Shining One

Annotations:
D:3 1 runed translucent door, Crazy Yiuf


Innate Abilities, Weirdness & Mutations

You have a pair of horns on your head.
You reflexively headbutt those who attack you in melee.


Message History

The gnoll is moderately wounded.
The gnoll barely misses you.
There are monsters nearby!
You shoot an arrow. The arrow barely misses the gnoll.
The arrow hits the gnoll but does no damage.
The gnoll hits you with a +0 whip!
A gnoll comes into view. It is wielding a +0 spear.
The gnoll misses you.
You shoot an arrow. The arrow barely misses the gnoll.
The hound bites you but does no damage. The gnoll closely misses you.
The gnoll hits you with a +0 whip.
The gnoll hits you from afar with a +0 halberd!
You are too injured to fight recklessly!
You are too injured to fight recklessly!
You are too injured to fight recklessly!
You feel much better. The hound bites you but does no damage.
The gnoll closely misses you. The gnoll hits you with a +0 whip.
The gnoll closely misses you. The gnoll hits you but does no damage.
The hound misses you. You furiously retaliate!
You headbutt the hound. You shoot an arrow. The arrow hits the gnoll.
The gnoll is moderately wounded.
The hound bites you but does no damage. The gnoll misses you.
The gnoll hits you but does no damage. The gnoll barely misses you.
The gnoll closely misses you. The hound bites you.
You shoot an arrow. The arrow hits the gnoll!
You kill the gnoll!
The gnoll is distracted by your dazzling golden aura.
The gnoll barely misses you. The hound completely misses you.
The gnoll closely misses you.
The gnoll hits you from afar with a +0 spear.
The gnoll hits you but does no damage. The hound misses you.
You furiously retaliate!
You headbutt the hound. The hound misses you. You furiously retaliate!
You headbutt the hound!
You kill the hound!
The gnoll barely misses you.
Your Stealth skill increases to level 3!
Things that are here:
6 gold pieces; a +0 whip The gnoll hits you from afar with a +0 spear.
The gnoll hits you with a +0 halberd! The gnoll barely misses you.
The gnoll shouts!
There is an open door here.
You see here 7 gold pieces.
You shoot an arrow. The arrow barely misses the gnoll.
The gnoll is distracted by your dazzling golden aura.
The gnoll closely misses you.
The gnoll shouts!
The gnoll attacks as you move away! The gnoll hits you with a +0 halberd!
The gnoll attacks as you move away! The gnoll hits you with a +0 halberd.
The gnoll is no longer distracted by gold.
The gnoll closely misses you.
The gnoll hits you from afar with a +0 spear.
Fire: a) +0 shortbow
Press: ? - help, Q - select action, (/) - cycle Shift-Dir - straight line, f/p - gnoll
Aim: a gnoll, wielding a +0 halberd (66% to hit)
You shoot an arrow. The arrow hits the gnoll.
The gnoll is moderately wounded.
The gnoll is no longer distracted by gold.
The gnoll hits you but does no damage. The gnoll closely misses you.
The gnoll hits you but does no damage.
You feel better.
The gnoll hits you from afar with a +0 halberd!
* * * LOW HITPOINT WARNING * * *
The gnoll hits you from afar with a +0 halberd.
* * * LOW HITPOINT WARNING * * *
The gnoll hits you from afar with a +0 spear.
* * * LOW HITPOINT WARNING * * *
Okay, then.
You feel better.
The gnoll is distracted by your dazzling golden aura.
You are confused.
You feel invigorated.
The gnoll is no longer distracted by gold.
Non-targeted confused fire: a) +0 shortbow
Press: ? - help, Q - select action, (/) - cycle Dir - look around, f - activate You shoot an arrow.
The gnoll hits you from afar with a +0 halberd!
Non-targeted confused fire: a) +0 shortbow
Press: ? - help, Q - select action, (/) - cycle Dir - look around, f - activate You shoot an arrow.
The gnoll barely misses you. x2; The gnoll misses you.
The gnoll hits you from afar with a +0 halberd!
* * * LOW HITPOINT WARNING * * *
Non-targeted confused fire: a) +0 shortbow
Press: ? - help, Q - select action, (/) - cycle Dir - look around, f - activate You shoot an arrow.
The gnoll closely misses you. x2; The gnoll misses you.
Non-targeted confused fire: a) +0 shortbow
Press: ? - help, Q - select action, (/) - cycle Dir - look around, f - activate You shoot an arrow.
The arrow hits the gnoll.
The gnoll is lightly wounded.
You feel less invigorated.
You feel less confused.
The gnoll hits you from afar with a +0 halberd!
* * * LOW HITPOINT WARNING * * *
The gnoll hits you from afar with a +0 halberd!
* * * LOW HITPOINT WARNING * * *
The gnoll hits you from afar with a +0 spear!
You die...
Your body crumbles into a pile of gold.

###### ### #
##.##.## #..#####.##
#......# #.........#
#......# #.........#
#######..########$#
....###..###.#..$.##
..#.....)).....ggg.#
..#................+
..#..>>.........@..#
..#................#
###.###..###.#######
# #.# #..# #.# # ...
........
#....#......... #
#### ##.#
############...
.....
+........#.....


You could see 3 gnolls.

Vanquished Creatures
  An ogre (D:4)
  A hound (D:4)
  An orc wizard (D:4)
  12 gnolls
  5 adders
  A worm (D:2)
  8 orcs
  8 endoplasms
  5 giant cockroaches
  4 goblins
  7 hobgoblins
  5 jackals
  11 kobolds
  3 quokkas
  7 ball pythons
  9 bats
  A frilled lizard (D:1)
  6 rats
95 creatures vanquished.

Notes
Turn   | Place    | Note
-------+----------+-------------------------------------------
     0 | D:1      | Darkkill the Minotaur Hunter began the quest for the Orb.
     0 | D:1      | Reached XP level 1. HP: 18/18 MP: 0/0
   133 | D:1      | Reached skill level 1 in Stealth
   137 | D:1      | HP: 3/18 [frilled lizard (3)]
   503 | D:1      | Reached XP level 2. HP: 25/25 MP: 1/1
   505 | D:1      | Found a faded altar of an unknown god.
   505 | D:1      | Noticed a great orb of eyes
   513 | D:1      | Noticed a shining eye
   513 | D:1      | Noticed a floating eye
   513 | D:1      | Noticed a shining eye
  1357 | D:2      | Reached XP level 3. HP: 20/31 MP: 2/2
  1453 | D:2      | Reached XP level 4. HP: 22/38 MP: 3/3
  1953 | D:2      | Reached skill level 5 in Ranged Weapons
  2433 | D:3      | Found a shimmering blue altar of Sif Muna.
  2599 | D:3      | Reached XP level 5. HP: 46/46 MP: 4/4
  2809 | D:3      | Found a runed translucent door.
  2810 | D:3      | Noticed Crazy Yiuf
  3208 | D:4      | Found a glowing golden altar of the Shining One.
  3360 | D:4      | Noticed an ogre
  3366 | D:4      | Killed an ogre
  3367 | D:4      | Reached XP level 6. HP: 53/53 MP: 5/5
  3481 | D:4      | Found a staircase to the Ecumenical Temple.
  3493 | Temple   | Entered the Ecumenical Temple
  3630 | Temple   | Became a worshipper of Gozag Ym Sagoz the Greedy
  3983 | D:4      | HP: 10/53 [gnoll/+0 halberd (1)]
  3993 | D:4      | HP: 4/53 [gnoll/+0 halberd (9)]
  3993 | D:4      | Slain by a gnoll

Illustrated notes

Levels and vault maps discovered:
D:1:      kilobyte_arrival_exit_the_forest, layout_basic,
          hellmonk_ecumenical_altar_watching_god, serial_forest,
          infiniplex_forest_zigzag_1, infiniplex_forest_clump_medium,
          infiniplex_forest_clump_small, infiniplex_forest_fountain,
          infiniplex_forest_straight_1, infiniplex_forest_clump_tiny,
          infiniplex_forest_clump_curved, infiniplex_forest_clump_medium,
          minmay_misc_feat_alley, st_stairs_2, roderic_three_in_a_row
D:2:      layout_basic, minmay_split_cup_small
D:3:      layout_loops_ring, mainiacjoe_overflow_cross_hatched,
          uniq_crazy_yiuf_cottage
D:4:      layout_gridville, mainiacjoe_overflow_alcove_4,
          minmay_temple_entry_statues_pillars
Temple:   dpeg_chambers_temple

Skill      XL: |  1  2  3  4  5  6 |
---------------+-------------------+-----
Stealth        | 1 2 3 |  3.0
Fighting       | 3 4 |  4.7
Dodging        | 3 4 |  4.2
Ranged Weapons | 5 |  5.7

Action                     |  1- 3 |  4- 6 || total
---------------------------+-------+-------++-------
   Fire: Shortbow          |    87 |   205 ||   292
    Use: Scroll            |     2 |     7 ||     9
         Potion            |       |     4 ||     4
 Armour: Leather armour    |    15 |    36 ||    51
  Dodge: Dodged            |    39 |   123 ||   162

Table legend: (Time is in decaauts)
 A = Elapsed time spent in this place.
 B = Non-inter-level travel time spent in this place.
 C = Inter-level travel time spent in this place.
 D = Time resting spent in this place.
 E = Time spent auto-exploring this place.
 F = Levels seen in this place.
 G = Mean time per level.
                   A        B        C        D        E       F      G
               +--------+--------+--------+--------+--------+-----+--------+
         Total |   4086 |   3867 |    219 |    149 |   3137 |   5 |  817.2 |
       Dungeon |   3813 |   3625 |    188 |    149 |   2906 |   4 |  953.2 |
        Temple |    272 |    241 |     31 |      0 |    231 |   1 |  272.0 |
               +--------+--------+--------+--------+--------+-----+--------+

Top non-repeatable levels by time:
     D:1: 1282 daAuts
     D:2: 1025 daAuts
     D:3: 779 daAuts
     D:4: 726 daAuts
  Temple: 272 daAuts

Table legend:
 A = Kills in this place as a percentage of kills in the entire game.
 B = Kills by you in this place as a percentage of kills by you in the entire game.
 C = Kills by friends in this place as a percentage of kills by friends in the entire game.
 D = Other kills in this place as a percentage of other kills in the entire game.
 E = Experience gained in this place as a percentage of experience gained in the entire game.
 F = Experience gained in this place divided by the number of levels of this place that you have seen.
                   A       B       C       D       E      F
               +-------+-------+-------+-------+-------+----------------------
         Total | 100.0 | 100.0 |   N/A |   N/A | 100.0 | 114.6
       Dungeon | 100.0 | 100.0 |   N/A |   N/A | 100.0 | 143.2
               +-------+-------+-------+-------+-------+----------------------
